 Dungeon Crawl Stone Soup version 0.16.2-12-gd0ad4c3 (webtiles) character file.

84 SlimeFever the Covered (level 4, -2/35 HPs)
             Began as a Demonspawn Fighter on Oct 3, 2015.
             Slain by Kharon's ghost (4 damage)
             ... on level 3 of the Dungeon.
             The game lasted 00:12:13 (1234 turns).

SlimeFever the Covered (Demonspawn Fighter)         Turns: 1234, Time: 00:12:15

Health: -2/35      AC:  7    Str: 22    XL:     4   Next: 23%
Magic:  13/13      EV:  8    Int:  9    God:
Gold:   53         SH:  9    Dex: 13    Spells: 0 memorised, 3 levels left

rFire  . . .     SeeInvis .     a - +0 long sword
rCold  . . .     Clarity  .     l - +0 scale mail
rNeg   . . .     SustAb   .     c - +0 shield
rPois  .         Gourm    .     (no helmet)
rElec  .         Spirit   .     (no cloak)
rCorr  .         Warding  .     (no gloves)
rMut   .         Stasis   .     (no boots)
MR     .....                    (no amulet)
Stlth  ..........               (no ring)
                                g - ring of magical power

@: mighty, liquid flames, glowing, not resistant to hostile enchantments,
extremely unstealthy
A: claws 1, icy blue scales 1, spiny 1
a: no special abilities


You were on level 3 of the Dungeon.
You were very hungry.

You visited 1 branch of the dungeon, and saw 3 of its levels.

You collected 53 gold pieces.

Inventory:

Hand weapons
 a - a +0 long sword (weapon)
 b - a +0 hunting sling
 n - a +2 short sword of protection
Missiles
 f - 18 steel sling bullets
 h - 26 stones (quivered)
Armour
 c - a +0 shield (worn)
 l - a +0 scale mail (worn)
 o - a +0 chain mail
Jewellery
 g - a ring of magical power (left claw)
Potions
 e - 2 potions of might
 i - a potion of ambrosia {unknown}
 j - a potion of restore abilities {unknown}
 m - a potion of brilliance {unknown}
Comestibles
 d - 3 bread rations
 k - 2 meat rations


   Skills:
 + Level 3.2 Fighting
 * Level 2.5 Long Blades
 + Level 3.3 Armour
 + Level 1.0 Dodging
 * Level 3.2 Shields


You had 3 spell levels left.
You didn't know any spells.

Dungeon Overview and Level Annotations

Branches:
Dungeon (3/15)

Altars:

Annotations:
D:3 Kharon's ghost, average DEFE


Innate Abilities, Weirdness & Mutations

You have sharp fingernails.
You are partially covered in icy blue scales (AC +1).
You are partially covered in sharp spines.


Message History

You closely miss Kharon's ghost. Kharon's ghost hits you.
* * * LOW HITPOINT WARNING * * *
Kharon's ghost freezes you.
* * * LOW HITPOINT WARNING * * *
You miss Kharon's ghost.
Kharon's ghost gestures at you while chanting.
The flame tongue misses you. You block Kharon's ghost's attack.
You closely miss Kharon's ghost.
Kharon's ghost screams, "I have seen your future, and it is all used up."
Kharon's ghost hits you.
* * * LOW HITPOINT WARNING * * *
Kharon's ghost freezes you.
* * * LOW HITPOINT WARNING * * *
You slash Kharon's ghost!
Kharon's ghost is heavily damaged.
Kharon's ghost sprays you with burning goo.
The sticky flame hits you!
You are covered in liquid flames!
Kharon's ghost hits you.
You die...

# .. .... ..... ......
#############......
#...................
#..........W........
#....)....@.........
#####.....###########
#.......†.........
#......#################
#>........).............
##################.#####
####### #.# #.....# #.#
###.....########.#


You could see Kharon's ghost.

Vanquished Creatures
  Terence (D:3)
  3 adders
  A worm (D:2)
  A giant mite (D:1)
  7 bats
  5 goblins
  A hobgoblin (D:1)
  4 kobolds
  3 giant geckos
  A giant newt (D:2)
  6 rats
33 creatures vanquished.

Notes
Turn   | Place    | Note
--------------------------------------------------------------
     0 | D:1      | SlimeFever, the Demonspawn Fighter, began the quest for the Orb.
     0 | D:1      | Reached XP level 1. HP: 18/18 MP: 1/1
   253 | D:1      | Gained mutation: You are partially covered in sharp spines. [demonic ancestry]
   253 | D:1      | Reached XP level 2. HP: 24/24 MP: 2/2
   862 | D:2      | Gained mutation: You have sharp fingernails. [demonic ancestry]
   862 | D:2      | Reached XP level 3. HP: 29/29 MP: 3/3
  1185 | D:3      | Noticed Terence
  1221 | D:3      | Killed Terence
  1221 | D:3      | Reached skill level 1 in Dodging
  1221 | D:3      | Gained mutation: You are partially covered in icy blue scales (AC +1). [demonic ancestry]
  1221 | D:3      | Reached XP level 4. HP: 14/35 MP: 4/4
  1227 | D:3      | Noticed Kharon's ghost (average DEFE)
  1234 | D:3      | Slain by Kharon's ghost

Action                   |  1- 3 |  4- 6 || total
-------------------------+-------+-------++-------
Melee: Long sword        |   108 |     8 ||   116
Throw: Stone             |     1 |       ||     1
  Use: Scroll            |     4 |       ||     4
       Potion            |     1 |       ||     1
